 Dungeon Crawl Stone Soup version 0.26-a0-478-g6c97825307 (webtiles) character file.

Game seed: 5580478425486413571

94105 Nafanya the Peltast (level 15, -8/120 HPs)
             Began as a Demonspawn Fighter on July 31, 2020.
             Was the Champion of Okawaru (penitent).
             Mangled by a deep elf archer
             ... wielding a +0 short sword
              (12 damage)
             ... on level 2 of the Elven Halls on Aug 1, 2020.
             The game lasted 01:36:34 (21903 turns).

Nafanya the Peltast (Demonspawn Fighter)           Turns: 21903, Time: 01:36:34

Health: -8/120     AC: 33    Str: 25    XL:     15   Next: 62%
Magic:  15/15      EV:  8    Int: 12    God:    Okawaru [*]
Gold:   2669       SH:  0    Dex: 17    Spells: 14/14 levels left

rFire    + . .     SeeInvis +   e - +5 demon whip (venom)
rCold    + . .     Faith    .   S - +4 kite shield
rNeg     . . .     Spirit   .   J - +6 crystal plate armour "Semintee" {Regen+ Str-3 SInv Stlth+}
rPois    +         Reflect  .   h - +2 helmet
rElec    .         Harm     .   k - +2 cloak
rCorr    .                      (no gloves)
MR       +....                  a - +2 pair of boots {rampage}
Stlth    ..........             (no amulet)
HPRegen  1.10/turn              K - +6 ring of strength
MPRegen  0.14/turn              Q - ring of Uruirph {+Inv rF+ SInv}

@: confused, corroded, studying Long Blades
A: hooves 2, thin skeletal structure 2, clever 1, cold resistance 1, demonic
guardian 1, poison resistance, regeneration 1, augmentation 2, freezing cloud
immunity, MP-powered wands
a: Renounce Religion, Evoke Invisibility


You were on level 2 of the Elven Halls.
You worshipped Okawaru.
Okawaru was demanding penance.
You visited 5 branches of the dungeon, and saw 22 of its levels.
You also visited: Sewer, Bailey and Gauntlet.

You collected 2669 gold pieces.

Inventory:

Hand Weapons
 e - a +5 demon whip of venom (weapon)
 x - the +1 eveningstar "Ogre's Death Toll" {freeze, Dex+2}
   (Okawaru gifted it to you on level 1 of the Elven Halls)

   It has been specially enchanted to freeze those struck by it, causing extra
   injury to most foes and up to half again as much damage against particularly
   susceptible opponents.
   It can also slow down cold-blooded creatures.
   It affects your dexterity (+2).
 V - the +8 flail of Ascent {freeze, Str-4 Dex+4 SInv}
   (Okawaru gifted it to you on level 4 of the Lair of Beasts)

   It has been specially enchanted to freeze those struck by it, causing extra
   injury to most foes and up to half again as much damage against particularly
   susceptible opponents.
   It can also slow down cold-blooded creatures.
   It affects your strength (-4).
   It affects your dexterity (+4).
   It lets you see invisible.
Armour
 a - a +2 pair of boots of rampaging (worn)
 h - a +2 helmet (worn)
 k - a +2 cloak (worn)
 J - the +6 crystal plate armour "Semintee" (worn) {Regen+ Str-3 SInv Stlth+}
   (You took it off a minotaur in a Gauntlet)

   It affects your strength (-3).
   It lets you see invisible.
   It increases your rate of regeneration.
   It makes you more stealthy.
 O - +2 ice dragon scales
 P - +1 pearl dragon scales
 S - a +4 kite shield (worn)
Jewellery
 j - an uncursed ring of poison resistance
 n - an uncursed ring of ice
 t - a cursed -4 ring of evasion {unknown}
 K - a +6 ring of strength (left hand)
 Q - the ring of Uruirph (right hand) {+Inv rF+ SInv}
   (You found it on level 2 of the Lair of Beasts)

   [ring of protection from fire]

   It protects you from fire.
   It lets you see invisible.
   It lets you turn invisible.
 R - an uncursed ring of protection from fire
Wands
 m - a wand of iceblast (36)
 v - a wand of clouds (6)
 w - a wand of polymorph (17)
 y - a wand of random effects (31)
 B - a wand of flame (73)
 H - a wand of paralysis (5)
 U - a wand of enslavement (7)
Scrolls
 b - 16 scrolls of remove curse
 g - 7 scrolls of amnesia
 l - 17 scrolls of teleportation
 u - a scroll of fear
 z - 2 scrolls of summoning
 A - a scroll of blinking
 M - 6 scrolls of fog
Potions
 c - a potion of berserk rage
 d - 9 potions of might
 i - 4 potions of brilliance
 o - 6 potions of flight
 q - 3 potions of heal wounds
 s - 5 potions of curing
 E - a potion of cancellation
 L - a potion of resistance
Books
 p - a manual of Long Blades
Miscellaneous
 I - a tin of tremorstones (3/3)
 N - a box of beasts
 X - a phantom mirror


   Skills:
 + Level 11.8 Fighting
 + Level 13.9 Maces & Flails
 * Level 10.4 Armour
 + Level 5.6 Dodging
 + Level 4.1 Stealth
 + Level 16.4 Shields


You had 14 spell levels left.
You didn't know any spells.
Your spell library contained the following spells:

 Spells                   Type           Power        Failure   Level
 Animate Skeleton         Necr           #.....       100%        1
 Apportation              Tloc           #.....       100%        1
 Beastly Appendage        Tmut           #.....       100%        1
 Corona                   Hex            #......      100%        1
 Freeze                   Ice            #...         100%        1
 Magic Dart               Conj           #...         100%        1
 Pain                     Necr           #...         100%        1
 Shock                    Conj/Air       #...         100%        1
 Summon Small Mammal      Summ           #...         100%        1
 Poisonous Vapours        Pois/Air       #.....       100%        2
 Searing Ray              Conj           #.....       100%        2
 Swiftness                Air            #.......     100%        2
 Wereblood                Tmut           #.......     100%        2
 Confusing Touch          Hex            #.......     100%        3
 Conjure Flame            Conj/Fire      #.......     100%        3
 Dazzling Flash           Conj/Hex       #.....       100%        3
 Frozen Ramparts          Ice            #.....       100%        3
 Gell's Gravitas          Tloc           #.........   100%        3
 Ozocubu's Armour         Ice            #.......     100%        3
 Spider Form              Tmut/Pois      #.........   100%        3
 Static Discharge         Conj/Air       #.......     100%        3
 Stone Arrow              Conj/Erth      #.....       100%        3
 Vampiric Draining        Necr           #.........   100%        3
 Airstrike                Air            #.........   100%        4
 Animate Dead             Necr           #.........   100%        4
 Fulminant Prism          Conj/Hex       #.........   100%        4
 Hailstorm                Conj/Ice       #.......     100%        4
 Ice Form                 Ice/Tmut       #.......     100%        4
 Iskenderun's Mystic Bla  Conj/Tloc      #.......     100%        4
 Olgreb's Toxic Radiance  Pois           #.......     100%        4
 Petrify                  Tmut/Erth      #.......     100%        4
 Summon Ice Beast         Ice/Summ       #.......     100%        4
 Agony                    Necr           #.......     100%        5
 Blade Hands              Tmut           #.........   100%        5
 Bolt of Magma            Conj/Fire/Erth #.........   100%        5
 Fireball                 Conj/Fire      #.........   100%        5
 Iskenderun's Battlesphe  Conj           #.......     100%        5
 Lightning Bolt           Conj/Air       #.........   100%        5
 Metabolic Englaciation   Hex/Ice        #.........   100%        5
 Yara's Violent Unravell  Hex/Tmut       #.........   100%        5
 Iron Shot                Conj/Erth      #.........   100%        6
 Orb of Destruction       Conj           #.........   100%        7
 Spellforged Servitor     Conj/Summ      #.........   100%        7
 Chain Lightning          Conj/Air       #.........   100%        8
 Lehudib's Crystal Spear  Conj/Erth      #.........   100%        8
 Absolute Zero            Ice            #.........   100%        9
 Fire Storm               Conj/Fire      #.........   100%        9
 Tornado                  Air            #.........   100%        9


Dungeon Overview and Level Annotations

Branches:
Dungeon (11/15)            Temple (1/1) D:4            Lair (6/6) D:11
 Shoals (0/4) Lair:3       Spider (0/4) Lair:2        Slime (0/5) Lair:5
    Orc (2/2) D:11            Elf (2/3) Orc:2         Sewer (visited)
 Bailey (visited)         Gauntlet (visited)

Altars:
Ashenzari
Cheibriados
Dithmenos
Elyvilon
Fedhas
Gozag
Hepliaklqana
Kikubaaqudgha
Makhleb
Nemelex Xobeh
Okawaru
Qazlal
Ru
Sif Muna
Trog
Uskayaw
Vehumet
Wu Jian
Xom
Yredelemnul
Zin
The Shining One
Beogh
Jiyva

Shops:
D:6 [:*(   Orc:2 (:[*[   Elf:1 *[[[!


Innate Abilities, Weirdness & Mutations

You have hoof-like feet.
You have a moderately thin skeletal structure. (Dex +4, Stealth+)
Your flesh is cold resistant. (rC+)
A weak demonic guardian rushes to your aid.
Your magical and physical power is enhanced at high health.
You are immune to freezing clouds.
Your mind is acute. (Int +2)
Your system is resistant to poisons. (rPois)
Your natural rate of healing is unusually fast.
You expend magic power (3 MP) to strengthen your wands.


Message History

* * * LOW HITPOINT WARNING * * *
The redback bites you but does no damage.
You closely miss the deep elf mage.
The deep elf mage is lightly wounded.
The iron dragon changes into a caustic shrike!
The tarantella bites you but does no damage.
The deep elf archer hits you but does no damage.
The redback bites you but does no damage.
You miss the deep elf archer.
The deep elf archer shoots an arrow.
The arrow hits you but does no damage.
The tarantella bites you but does no damage.
You completely miss the deep elf archer.
The caustic shrike claws you!
* * * LOW HITPOINT WARNING * * *
The acid corrodes you!
You are splashed with acid!
* * * LOW HITPOINT WARNING * * *
The redback bites you!
* * * LOW HITPOINT WARNING * * *
The deep elf archer hits you with a +0 short sword!
You die...

#######
##.....##
#.......#
#..e..e####
##.s@...e..#
#..sbee.....
#..)e...#...
##(<....# .
#.....##
####)## #()#
#(#.# #(##.#


You could see a caustic shrike shaped shifter, 4 deep elf archers, 2 deep elf
magi, a tarantella (summoned, poisoned) and a redback (summoned).

Vanquished Creatures
  Donald (Elf:1)
  2 orc warlords
  A deep elf demonologist (Elf:1)
  A deep elf death mage (Elf:1)
  A minotaur (Gauntlet)
  An ettin (Orc:1)
  Josephine (Lair:4)
  2 ice dragons
  4 hydras
  The ghost of Infinimo the Destroyer, a journeyman GrFE of Vehumet (Lair:3)
  5 dancing weapons
  A tengu warrior (D:11)
  3 two-headed ogres
  4 death yaks (Lair:6)
  5 orc high priests
  Nergalle (Orc:1)
  7 deep elf knights
  5 deep elf archers
  A spectral hydra (Lair:3)
  6 orc knights
  19 deep elf magi
  2 wolf spiders (Lair:2)
  A lindwurm (Lair:6)
  7 ugly things (D:11)
  4 orc sorcerers (Orc:2)
  2 cyclopes
  An oklob plant (Gauntlet)
  6 elephants (Lair:5)
  A black mamba (Lair:6)
  A smoke demon (Gauntlet)
  5 torpor snails
  A gargoyle (D:10)
  13 cane toads
  A rime drake (Lair:2)
  5 komodo dragons
  2 trolls
  2 polar bears
  2 jumping spiders (Lair:2)
  4 tyrant leeches (Lair:6)
  5 blink frogs (Lair:3)
  8 hornets (Lair:6)
  A slime creature (D:10)
  7 hippogriffs
  A spectral black mamba (Lair:3)
  2 shadows (D:11)
  2 large abominations (Gauntlet)
  An air elemental (Elf:1)
  A centaur simulacrum (D:10)
  22 yaks
  3 wyverns
  5 wraiths (Lair:4)
  A spectral komodo dragon (Lair:3)
  2 water elementals
  3 basilisks
  2 vampire mosquitoes (D:11)
  5 wargs
  2 acid dragons
  12 water moccasins
  3 porcupines
  9 sky beasts
  3 ice beasts
  44 orc warriors
  2 phantoms
  13 ogres
  6 wolves
  A boggart (D:11)
  12 centaurs
  8 crocodiles
  4 big kobolds
  11 bullfrogs
  A cane toad simulacrum (Lair:3)
  A scorpion (D:11)
  5 killer bees (D:8)
  9 wights
  4 crimson imps (Gauntlet)
  4 small abominations (Gauntlet)
  2 bullfrog zombies
  A quasit (D:6)
  2 bullfrog skeletons
  7 hounds
  14 orc priests
  A gnoll shaman (D:4)
  3 jellies
  22 orc wizards
  A centaur skeleton (D:11)
  2 iguanas
  Natasha (thrice) (D:4)
  14 worker ants
  A hound zombie (D:6)
  A hound skeleton (D:5)
  12 adders
  3 gnolls (D:4)
  3 river rats (Sewer)
  A white imp (D:7)
  An ooze (D:2)
  4 adder zombies
  5 adder skeletons
  A worm (D:3)
  4 dart slugs
  6 leopard geckos
  122 orcs
  6 bats
  9 giant cockroaches
  8 goblins
  7 hobgoblins
  12 jackals
  24 kobolds
  2 quokkas
  2 ball pythons
  5 frilled lizards
  A leopard gecko skeleton (D:4)
  2 quokka skeletons (D:4)
  8 rats
  A plant (Lair:6)
680 creatures vanquished.

Vanquished Creatures (collateral kills)
  A deep elf annihilator (Elf:1)
  A death knight (D:11)
  A two-headed ogre (D:9)
  2 deep elf magi
  A torpor snail (Lair:6)
  A troll (D:11)
  2 yaks (D:10)
  An orc warrior (Bailey)
  A centaur (D:6)
  A phantom (D:11)
  A wolf (Lair:6)
  6 ogres
  A big kobold (Sewer)
  2 wights (D:3)
  A hound (D:9)
  An orc priest (Orc:2)
  2 orc wizards (Orc:2)
  A worker ant (D:7)
  2 gnolls (D:4)
  A leopard gecko (D:6)
  12 orcs
  A hobgoblin (D:3)
  2 jackals
  2 kobolds (Sewer)
47 creatures vanquished.

Vanquished Creatures (others)
  2 deep elf knights (Elf:2)
  An orc priest (Orc:2)
  An orc (Orc:2)
4 creatures vanquished.

Grand Total: 731 creatures vanquished

Notes
Turn   | Place    | Note
-------+----------+-------------------------------------------
     0 | D:1      | Nafanya the Demonspawn Fighter began the quest for the Orb.
     0 | D:1      | Reached XP level 1. HP: 18/18 MP: 1/1
   452 | D:1      | Gained mutation: A weak demonic guardian rushes to your
                  | aid. [demonic ancestry]
   452 | D:1      | Reached XP level 2. HP: 20/24 MP: 2/2
   804 | D:1      | Reached skill level 3 in Shields
  1055 | D:1      | Gained mutation: You have large cloven feet. [demonic
                  | ancestry]
  1055 | D:1      | Reached XP level 3. HP: 29/29 MP: 3/3
  1341 | D:2      | Found a bloodstained altar of Trog.
  1463 | D:2      | Gained mutation: You have hoof-like feet. [demonic
                  | ancestry]
  1463 | D:2      | Reached XP level 4. HP: 35/35 MP: 4/4
  1482 | D:2      | Found a faded altar of an unknown god.
  1752 | D:2      | Found a blossoming altar of Fedhas.
  1752 | D:2      | Found a faded altar of an unknown god.
  1758 | D:2      | Found an iron altar of Okawaru.
  1763 | D:2      | Found a basalt altar of Yredelemnul.
  1765 | D:2      | Found a radiant altar of Vehumet.
  1768 | D:2      | Became a worshipper of Warmaster Okawaru
  2224 | D:3      | Found a shimmering altar of Xom.
  2317 | D:3      | Gained mutation: Your flesh is cold resistant. (rC+)
                  | [demonic ancestry]
  2317 | D:3      | Reached XP level 5. HP: 41/41 MP: 5/5
  2335 | D:3      | Reached skill level 1 in Dodging
  2844 | D:3      | Gained mutation: You are immune to freezing clouds.
                  | [demonic ancestry]
  2844 | D:3      | Reached XP level 6. HP: 47/47 MP: 6/6
  3065 | D:4      | Reached * piety under Okawaru
  3300 | D:4      | Noticed Natasha
  3315 | D:4      | Killed Natasha
  3356 | D:4      | Gained mutation: Your system is resistant to poisons.
                  | (rPois) [potion of mutation]
  3356 | D:4      | Gained mutation: Your mind is acute. (Int +2) [potion of
                  | mutation]
  3356 | D:4      | Gained mutation: You expend magic power (3 MP) to
                  | strengthen your wands. [potion of mutation]
  3356 | D:4      | Gained mutation: Your natural rate of healing is unusually
                  | fast. [potion of mutation]
  3461 | D:4      | Noticed Natasha
  3467 | D:4      | Killed Natasha
  3554 | D:4      | Gained mutation: You have a somewhat thin skeletal
                  | structure. (Dex +2, Stealth) [demonic ancestry]
  3554 | D:4      | Reached XP level 7. HP: 53/53 MP: 7/7
  3573 | D:4      | Reached ** piety under Okawaru
  3573 | D:4      | Reached skill level 5 in Maces & Flails
  3573 | D:4      | Reached skill level 4 in Shields
  3874 | D:4      | Noticed Natasha
  3885 | D:4      | Killed Natasha
  3920 | D:4      | Found a staircase to the Ecumenical Temple.
  3927 | Temple   | Entered the Ecumenical Temple
  4425 | D:5      | Entered Level 5 of the Dungeon
  4435 | D:5      | Reached skill level 1 in Stealth
  4530 | D:5      | Reached XP level 8. HP: 55/60 MP: 8/8
  4773 | D:5      | Found a glowing drain.
  4778 | Sewer    | Entered a sewer
  4907 | Sewer    | Found a white marble altar of Elyvilon.
  5323 | D:6      | Found an opulent altar of Gozag.
  5342 | D:6      | Found Foerghub's Armour Emporium.
  5427 | D:6      | Found Rishrome's Book Shop.
  5446 | D:6      | Reached *** piety under Okawaru
  5498 | D:6      | Found Funuh's General Store.
  5642 | D:6      | Reached skill level 5 in Shields
  5690 | D:6      | Reached skill level 5 in Fighting
  5812 | D:6      | Found Becirot's Weapon Shoppe.
  5937 | D:6      | Found a glowing silver altar of Zin.
  5938 | D:6      | Noticed an angel
  6215 | D:7      | Noticed a hippogriff
  6230 | D:7      | Killed a hippogriff
  6230 | D:7      | Reached XP level 9. HP: 38/68 MP: 9/9
  6310 | D:7      | Reached **** piety under Okawaru
  6434 | D:7      | Reached skill level 5 in Armour
  7476 | D:8      | Reached skill level 6 in Shields
  7500 | D:8      | Found a roughly hewn altar of Beogh.
  7684 | D:9      | Noticed a two-headed ogre
  7694 | D:9      | Killed a two-headed ogre
  7694 | D:9      | Reached ***** piety under Okawaru
  7694 | D:9      | Reached XP level 10. HP: 72/76 MP: 10/10
  7736 | D:9      | Received a gift from Okawaru
  8045 | D:9      | Found a flagged portal.
  8061 | Bailey   | Entered a bailey
  8333 | Bailey   | Reached skill level 5 in Dodging
  8755 | Bailey   | Reached skill level 7 in Shields
  8817 | Bailey   | Got an ancient hand axe
  8818 | Bailey   | Identified the +2 hand axe "Noaryun" {drain, Str+4} (You
                  | found it in a bailey)
  9485 | D:10     | Entered Level 10 of the Dungeon
  9518 | D:10     | Reached skill level 10 in Shields
  9518 | D:10     | Gained mutation: You have a moderately thin skeletal
                  | structure. (Dex +4, Stealth+) [demonic ancestry]
  9518 | D:10     | Reached XP level 11. HP: 83/83 MP: 11/11
  9536 | D:10     | Received a gift from Okawaru
  9648 | D:10     | Gained mutation: Your magical and physical power is
                  | slightly enhanced at high health. [demonic ancestry]
  9648 | D:10     | Reached XP level 12. HP: 89/89 MP: 12/12
  9662 | D:10     | Noticed a two-headed ogre
  9667 | D:10     | Killed a two-headed ogre
  9832 | D:10     | Noticed a two-headed ogre
  9840 | D:10     | Killed a two-headed ogre
  9840 | D:10     | Reached skill level 10 in Maces & Flails
  9943 | D:10     | Noticed a four-headed hydra
  9954 | D:10     | Reached ****** piety under Okawaru
  9965 | D:10     | Reached skill level 11 in Shields
  9969 | D:10     | Killed a four-headed hydra
 10277 | D:10     | Identified a scroll of acquirement
 10277 | D:10     | Acquired a manual of Shields
 10362 | D:11     | Found a staircase to the Orcish Mines.
 10461 | D:11     | Found a staircase to the Lair.
 10540 | D:11     | Received a gift from Okawaru
 10552 | D:11     | Got a transparent quarterstaff {god gift}
 10553 | D:11     | Identified the +5 quarterstaff "Geutz" {vorpal, *Corrode
                  | rPois Int+2} (Okawaru gifted it to you on level 11 of the
                  | Dungeon)
 10624 | D:11     | Noticed a six-headed hydra
 10625 | D:11     | Noticed a tengu warrior
 10635 | D:11     | Killed a six-headed hydra
 10636 | D:11     | Noticed a two-headed ogre
 10637 | D:11     | Noticed a death knight
 10685 | D:11     | Killed a tengu warrior
 10775 | D:11     | Killed a two-headed ogre
 10800 | D:11     | Killed a death knight
 10800 | D:11     | Received a gift from Okawaru
 10852 | D:11     | Gained mutation: Your magical and physical power is
                  | enhanced at high health. [demonic ancestry]
 10852 | D:11     | Reached XP level 13. HP: 65/99 MP: 13/13
 11229 | Lair:1   | Entered Level 1 of the Lair of Beasts
 11316 | Lair:1   | Identified Oggimm's Catalogue of Lightness
 11556 | Lair:1   | Found a gate leading to a gauntlet.
 11666 | Gauntlet | Entered a Gauntlet
 11666 | Gauntlet | Found a transporter.
 11676 | Gauntlet | Found a transporter.
 11690 | Gauntlet | Found a transporter.
 11696 | Gauntlet | Found a transporter.
 11713 | Gauntlet | Found a transporter.
 11731 | Gauntlet | Noticed a green death
 11732 | Gauntlet | Found a transporter.
 11744 | Gauntlet | Found a transporter.
 11750 | Gauntlet | Found a transporter.
 11752 | Gauntlet | Found a transporter.
 11775 | Gauntlet | Found a transporter.
 11778 | Gauntlet | Noticed a death ooze
 11787 | Gauntlet | Found a transporter.
 11799 | Gauntlet | Found a transporter.
 11817 | Gauntlet | Found a transporter.
 11835 | Gauntlet | Found a transporter.
 11837 | Gauntlet | Found a transporter.
 11875 | Gauntlet | Found a transporter.
 11886 | Gauntlet | Found a transporter.
 11890 | Gauntlet | Found a transporter.
 12354 | Gauntlet | Got an ichor-stained chain mail
 12360 | Gauntlet | Got an ichor-stained helmet
 12375 | Gauntlet | Identified the +3 chain mail of Utag {Stlth+} (You found it
                  | in a Gauntlet)
 12385 | Gauntlet | Identified the +0 helmet of a volcano {Harm *Slow MP+9
                  | SInv} (You found it in a Gauntlet)
 12417 | Gauntlet | Identified the +6 crystal plate armour "Semintee" {Regen+
                  | Str-3 SInv Stlth+}
 12417 | Gauntlet | Noticed a minotaur
 12434 | Gauntlet | Killed a minotaur
 12461 | Gauntlet | Identified the Papyrus of Poisoning and Blows and Bruises
 12711 | Lair:2   | Reached skill level 12 in Shields
 12972 | Lair:2   | Got a sparkling wooden ring
 13249 | Lair:2   | Found a hole to the Spider Nest.
 13494 | Lair:3   | Found a staircase to the Shoals.
 13839 | Lair:3   | Found a runed translucent gate.
 13839 | Lair:3   | Found a runed translucent gate.
 13839 | Lair:3   | Found a runed translucent gate.
 13840 | Lair:3   | Noticed Infinimo's ghost (journeyman GrFE)
 13978 | Lair:3   | Killed Infinimo's ghost
 13984 | Lair:3   | Reached skill level 13 in Shields
 14161 | Lair:4   | Noticed Josephine
 14175 | Lair:4   | Killed Josephine
 14175 | Lair:4   | Received a gift from Okawaru
 14206 | Lair:4   | Got a crude flail {god gift}
 14207 | Lair:4   | Identified the +8 flail of Ascent {freeze, Str-4 Dex+4
                  | SInv} (Okawaru gifted it to you on level 4 of the Lair of
                  | Beasts)
 14208 | Lair:4   | Identified the ring of Uruirph {+Inv rF+ SInv} (You found
                  | it on level 2 of the Lair of Beasts)
 14704 | Lair:4   | Reached skill level 10 in Fighting
 15189 | Lair:5   | Found a viscous altar of Jiyva.
 15189 | Lair:5   | Found a staircase to the Slime Pits.
 15317 | Lair:5   | Reached XP level 14. HP: 107/110 MP: 14/14
 15737 | Lair:6   | Entered Level 6 of the Lair of Beasts
 15788 | Lair:6   | Received a gift from Okawaru
 15943 | Lair:6   | Reached skill level 14 in Shields
 16486 | Lair:6   | Found a runed translucent door.
 16516 | Lair:6   | Paralysed by a hornet for 1 turns
 16528 | Lair:6   | Paralysed by a hornet for 2 turns
 16647 | Lair:6   | Received a gift from Okawaru
 16666 | Lair:6   | Reached skill level 15 in Shields
 17144 | Orc:1    | Entered Level 1 of the Orcish Mines
 17221 | Orc:1    | Found a roughly hewn altar of Beogh.
 17296 | Orc:2    | Entered Level 2 of the Orcish Mines
 17317 | Orc:2    | Noticed an orc warlord
 17369 | Orc:2    | Killed an orc warlord
 17507 | Orc:2    | Found a staircase to the Elven Halls.
 17623 | Orc:2    | Noticed an orc warlord
 18027 | Orc:1    | Killed an orc warlord
 18090 | Orc:2    | Received a gift from Okawaru
 18144 | Orc:2    | Got a distressingly furry animal skin {god gift}
 18145 | Orc:2    | Identified the +0 animal skin of the King of the Hill {rN+
                  | MR+ Stlth-} (Okawaru gifted it to you on level 2 of the
                  | Orcish Mines)
 18227 | Orc:2    | Found Xiwuize's Armour Shoppe.
 18461 | Orc:2    | Found Supavap's General Store.
 18462 | Orc:2    | Found Awaquv's Book Shoppe.
 18463 | Orc:2    | Found Nistann's Antique Armour Shoppe.
 18463 | Orc:2    | Found Fetheoru's Antique Weapon Emporium.
 18533 | Orc:1    | Noticed Nergalle
 18552 | Orc:1    | Killed Nergalle
 18570 | Orc:1    | Reached XP level 15. HP: 119/119 MP: 15/15
 20929 | Elf:1    | Entered Level 1 of the Elven Halls
 20942 | Elf:1    | Reached skill level 16 in Shields
 20981 | Elf:1    | Noticed Donald
 21029 | Elf:1    | Killed Donald
 21148 | Elf:1    | Found Elygyog's Assorted Antiques.
 21150 | Elf:1    | Found Sagamehidgh's Armour Shoppe.
 21150 | Elf:1    | Found Gofynk's Armour Emporium.
 21155 | Elf:1    | Found Ysorisax's Armour Shoppe.
 21278 | Elf:1    | Reached skill level 10 in Armour
 21410 | Elf:1    | Received a gift from Okawaru
 21411 | Elf:1    | Got an encrusted eveningstar {god gift}
 21412 | Elf:1    | Identified the +1 eveningstar "Ogre's Death Toll" {freeze,
                  | Dex+2} (Okawaru gifted it to you on level 1 of the Elven
                  | Halls)
 21609 | Elf:1    | Found Ytuc Jit's Distillery.
 21688 | Elf:1    | Identified Vehumet's Papyrus of Combat Magic
 21781 | Elf:2    | Noticed a sphinx
 21781 | Elf:2    | an emperor scorpion changed into a sphinx
 21812 | Elf:2    | Noticed an iron giant
 21824 | Elf:2    | Noticed an acid blob
 21829 | Elf:2    | Noticed a shadow dragon
 21829 | Elf:2    | an acid blob changed into a shadow dragon
 21837 | Elf:2    | Noticed a golden dragon
 21837 | Elf:2    | a shadow dragon changed into a golden dragon
 21839 | Elf:2    | Noticed a shard shrike
 21839 | Elf:2    | a golden dragon changed into a shard shrike
 21851 | Elf:2    | Noticed a titan
 21851 | Elf:2    | a shard shrike changed into a titan
 21859 | Elf:2    | Noticed a juggernaut
 21859 | Elf:2    | a titan changed into a juggernaut
 21867 | Elf:2    | Noticed a shard shrike
 21867 | Elf:2    | a juggernaut changed into a shard shrike
 21868 | Elf:2    | Noticed a titan
 21868 | Elf:2    | a shard shrike changed into a titan
 21881 | Elf:2    | Was placed under penance by Okawaru
 21882 | Elf:2    | Noticed a golden dragon
 21882 | Elf:2    | a titan changed into a golden dragon
 21886 | Elf:2    | Noticed a shadow dragon
 21886 | Elf:2    | a golden dragon changed into a shadow dragon
 21888 | Elf:2    | Noticed an iron giant
 21888 | Elf:2    | a shadow dragon changed into an iron giant
 21890 | Elf:2    | Noticed a caustic shrike
 21890 | Elf:2    | an iron giant changed into a caustic shrike
 21900 | Elf:2    | Noticed an iron dragon
 21900 | Elf:2    | a caustic shrike changed into an iron dragon
 21901 | Elf:2    | Noticed a caustic shrike
 21901 | Elf:2    | an iron dragon changed into a caustic shrike
 21903 | Elf:2    | HP: 4/120 [redback[a deep elf mage] (10)]
 21903 | Elf:2    | Mangled by a deep elf archer

Illustrated notes

Levels and vault maps discovered:
D:1:      lightli_iron_boxes, layout_basic
D:2:      layout_loops_ring, chequers_temple_overflow_minitemple,
          chequers_ecumenical_altar_island, trog_three_pillars_becter
D:3:      layout_loops_cross, st_stairs_3, xom_teletrap_fun
D:4:      minmay_razor_zed, layout_rooms, minmay_temple_entry_gardened_gates,
          serial_bayou_pond_c, minmay_misc_feat_roman, skrybe_limestone_x,
          fountainhead, minmay_manual_mail, uniq_natasha
D:5:      layout_basic, portal_sewer_entry_e
D:6:      layout_basic, lemuel_doored_altar, zin_angel, serial_shops,
          nicolae_shop_crystal, nicolae_shop_trees, shop, nicolae_shop_trees
D:7:      layout_loops_ring
D:8:      layout_loops_ring, special_room [special_room_orc]
D:9:      layout_cave_pools, enter_bailey_2
D:10:     minmay_blocky_corners, layout_basic
D:11:     layout_cave_pools, lair_entry_dummy, minmay_orc_entry_guard_dogs,
          minivault_28
Temple:   regret_index_temple_sphere_string
Lair:1:   layout_gridlike, gauntlet_entry_generic, lemuel_fruit_tree
Lair:2:   layout_layer_cave, spider_nest_entry_funnel_web,
          cheibrodos_lair_reptile_den
Lair:3:   layout_cave_shapes, shoals_dummy_entry, gammafunk_ghost_necromancy
Lair:4:   dragon1_lemuel, layout_big_grid, serial_bayou_shore_b, uniq_josephine
Lair:5:   layout_loops_ring, slime_altar_1, infiniplex_staircase_pool,
          grunt_megastairs_4
Lair:6:   wormcave, layout_small_grid, minivault_23, ldierk_geyser
Orc:1:    layout_caves, basic_altar, uniq_nergalle
Orc:2:    st_orc_congregation, layout_caves, serial_shops, shop
Elf:1:    layout_loops_cross, serial_shops, nicolae_shop_behind_doors,
          minmay_elf_annihilation, drop_trap, serial_sigils_hangedman_gnaw,
          minmay_shoptagon, uniq_donald
Elf:2:    layout_rooms, serial_shops, freezing_bzr, uniq_azrael

Skill      XL: |  1  2  3  4  5  6  7  8  9 10 11 12 13 14 15 |
---------------+----------------------------------------------+-----
Armour         | 3 4 5 6 7 8 9 10 | 10.4
Shields        | 3 4 5 6 10 11 13 15 16 | 16.4
Maces & Flails | 2 3 4 5 7 8 9 11 12 13 | 13.9
Dodging        | 1 2 3 4 5 |  5.6
Fighting       | 4 5 6 8 10 11 | 11.8
Stealth        | 1 2 3 4 |  4.1

Action                   |  1- 3 |  4- 6 |  7- 9 | 10-12 | 13-15 || total
-------------------------+-------+-------+-------+-------+-------++-------
Melee: Flail             |    95 |   162 |   582 |   258 |       ||  1097
       Kick              |    12 |    44 |   170 |   215 |       ||   441
       Demon whip        |       |       |       |   272 |  1400 ||  1672
Evoke: Tin of tremorston |       |       |       |       |     1 ||     1
       Wand              |       |       |       |       |     1 ||     1
  Use: Scroll            |     5 |     5 |     6 |    14 |    13 ||    43
       Potion            |     1 |     2 |     3 |     3 |     7 ||    16
 Stab: Distracted        |       |     1 |     1 |     7 |     3 ||    12
       Sleeping          |       |       |     5 |       |       ||     5
       Confused          |       |       |       |       |     1 ||     1
Armor: Scale mail        |    51 |       |       |       |       ||    51
       Ring mail         |       |    62 |   214 |    64 |       ||   340
       Chain mail        |       |       |       |    97 |    21 ||   118
       Crystal plate arm |       |       |       |       |   487 ||   487
Dodge: Dodged            |    30 |    60 |   213 |   161 |   173 ||   637
Block: Kite shield       |    47 |    66 |   311 |   290 |   796 ||  1510

Table legend: (Time is in decaauts)
 A = Elapsed time spent in this place.
 B = Non-inter-level travel time spent in this place.
 C = Inter-level travel time spent in this place.
 D = Time resting spent in this place.
 E = Time spent auto-exploring this place.
 F = Levels seen in this place.
 G = Mean time per level.
                   A        B        C        D        E       F      G
               +--------+--------+--------+--------+--------+-----+--------+
         Total |  21366 |  20349 |   1017 |   2562 |  12695 |  25 |  854.6 |
       Dungeon |   9761 |   9408 |    353 |     49 |   7137 |  11 |  887.4 |
        Temple |    192 |    168 |     24 |      0 |    166 |   1 |  192.0 |
          Lair |   4832 |   4297 |    535 |     72 |   3546 |   6 |  805.3 |
  Orcish Mines |   3584 |   3487 |     97 |   2200 |    792 |   2 | 1792.0 |
   Elven Halls |    873 |    865 |      8 |     19 |    503 |   2 |  436.5 |
         Sewer |    188 |    188 |      0 |     23 |     98 |   1 |  188.0 |
        Bailey |   1169 |   1169 |      0 |     53 |    452 |   1 | 1169.0 |
      Gauntlet |    764 |    764 |      0 |    146 |      0 |   1 |  764.0 |
               +--------+--------+--------+--------+--------+-----+--------+

Top non-repeatable levels by time:
   Orc:2: 2963 daAuts
     D:1: 1303 daAuts
     D:4: 1230 daAuts
  Bailey: 1169 daAuts
  Lair:6: 1148 daAuts
     D:3: 1146 daAuts
     D:6: 887 daAuts
  Lair:4: 839 daAuts
    D:11: 836 daAuts
     D:7: 825 daAuts
  Lair:5: 820 daAuts
    D:10: 799 daAuts
   Elf:1: 780 daAuts
Gauntlet: 764 daAuts
     D:8: 747 daAuts
